 Dungeon Crawl Stone Soup version 0.31-a0-981-geadf994 (webtiles) character file.

Game seed: 7533786837216040492

1495 edsrzf the Slasher (level 8, 0/64 HPs)
             Began as a Gnoll Reaver on Sept 27, 2023.
             Slain by Grinder (7 damage)
             ... on level 6 of the Dungeon on Nov 1, 2023.
             The game lasted 00:16:02 (3967 turns).

edsrzf the Slasher (Gnoll Reaver)                   Turns: 3967, Time: 00:16:03

Health: 0/64       AC:  3    Str: 12    XL:     8   Next: 81%
Magic:  8/17       EV: 18    Int: 18    God:
Gold:   177        SH:  0    Dex: 10    Spells: 11/19 levels left

rFire   . . .        n - +2 short sword of Severance {spect, Int+3}
rCold   . . .        (no shield)
rNeg    . . .        b - +0 leather armour
rPois   .            (no helmet)
rElec   .            h - scarf {+Inv}
rCorr   .            (no gloves)
SInv    .            (no boots)
Will    .....        (no amulet)
Stlth   ++           u - +5 ring of evasion
HPRegen 0.30/turn    (no ring)
MPRegen 0.15/turn

%: no passive effects
@: immotile
A: fangs 1, strong nose, distributed training
a: Evoke Invisibility


You were on level 6 of the Dungeon.
You visited 1 branch of the dungeon, and saw 6 of its levels.
You also visited: Sewer.

You collected 177 gold pieces.

Inventory:

Hand Weapons
 a - a +0 falchion
 n - the +2 short sword of Severance (weapon) {spect, Int+3}
   (You found it on level 3 of the Dungeon)

   Int+3:     It affects your intelligence (+3).
Missiles
 d - 13 poisoned darts
 p - a javelin
Armour
 b - a +0 leather armour (worn)
 e - +0 steam dragon scales
 h - a scarf of invisibility (worn)
Jewellery
 i - a ring of flight
 u - a +5 ring of evasion (left hand)
Talismans
 m - a beast talisman
 r - a flux talisman
Scrolls
 c - a scroll of amnesia {unknown}
 f - 2 scrolls of identify
 g - 3 scrolls of vulnerability
 k - 2 scrolls of fog
 l - a scroll of enchant weapon {unknown}
 q - a scroll of teleportation {unknown}
 s - a scroll of immolation {unknown}
 w - a scroll of blinking {unknown}
Potions
 o - a potion of attraction


   Skills:
 + Level 5.9 Fighting
 + Level 3.6 Short Blades
 + Level 7.6 Long Blades
 + Level 3.6 Axes
 + Level 3.6 Maces & Flails
 + Level 3.6 Polearms
 + Level 3.6 Staves
 + Level 3.6 Ranged Weapons
 + Level 3.6 Throwing
 + Level 3.6 Armour
 + Level 5.9 Dodging
 + Level 3.6 Stealth
 + Level 3.6 Shields
 + Level 3.6 Unarmed Combat
 + Level 6.2 Spellcasting
 + Level 6.3 Conjurations
 + Level 3.0 Hexes
 + Level 3.0 Summonings
 + Level 3.0 Necromancy
 + Level 3.0 Translocations
 + Level 3.0 Transmutations
 + Level 3.0 Fire Magic
 + Level 3.0 Ice Magic
 + Level 3.0 Air Magic
 + Level 3.0 Earth Magic
 + Level 3.0 Poison Magic
 + Level 4.0 Invocations
 + Level 3.6 Evocations
 + Level 3.3 Shapeshifting


You had 11 spell levels left.
You knew the following spells:

 Your Spells              Type           Power      Damage    Failure   Level
a - Kiss of Death         Conj/Necr      88%        2d12      2%          1
b - Momentum Strike       Conj/Tloc      44%        3d9       3%          2
c - Scorch                Fire           32%        2d6       6%          2
d - Stone Arrow           Conj/Erth      44%        3d9       7%          3

Your spell library contained the following spells:

 Spells                   Type           Power      Damage    Failure   Level
 Apportation              Tloc           32%        N/A       4%          1
 Necrotise                Necr           64%        1d7       4%          1
 Sandblast                Erth           32%        2d9       4%          1
 Summon Small Mammal      Summ           64%        N/A       4%          1
 Cigotuvi's Dreadful Rot  Necr/Pois/Air  32%        N/A       6%          2
 Passwall                 Tmut/Erth      13%        N/A       6%          2
 Hailstorm                Conj/Ice       22%        3d7       7%          3
 Call Canine Familiar     Summ           16%        N/A       13%         3
 Summon Guardian Golem    Hex/Summ       16%        N/A       13%         3
 Brom's Barrelling Bould  Conj/Erth      22%        2d4       22%         4
 Flame Wave               Conj/Fire      22%        2d8       22%         4
 Animate Armour           Summ/Erth      32%        N/A       38%         4
 Dispel Undead            Necr           16%        3d10      38%         4
 Death Channel            Necr           8%         N/A       100%        6
 Summon Cactus Giant      Summ           8%         N/A       100%        6
 Lehudib's Crystal Spear  Conj/Erth      11%        10d4      100%        8


Dungeon Overview and Level Annotations

Branches:
Dungeon (7/15)              Sewer (visited)
 Temple: D:4-7

Altars:
Ashenzari
Dithmenos
Sif Muna
Xom
The Shining One

Shops:
D:1 :

Annotations:
D:6 Grinder, Menkaure


Innate Abilities, Weirdness & Mutations

You have very sharp teeth.
Your uncanny sense of smell can sniff out nearby items.
Your experience applies equally to all skills.


Message History

You hit the bullfrog.
The bullfrog is heavily wounded.
The bullfrog closely misses you. The bullfrog completely misses you.
The bullfrog attacks as it pursues you!
The bullfrog hits you but does no damage.
Your magical contamination has completely faded away.
The jelly quivers.
The bullfrog closely misses you.
You closely miss the bullfrog. You bite the bullfrog.
The bullfrog is heavily wounded.
Your +2 short sword of Severance {spect, Int+3} barely misses the bullfrog.
The bullfrog hits you.
You barely miss the bullfrog.
The bullfrog is heavily wounded.
Your +2 short sword of Severance {spect, Int+3} hits the bullfrog.
The bullfrog hits you.
You hit the bullfrog.
The bullfrog is almost dead.
Your +2 short sword of Severance {spect, Int+3} hits the bullfrog.
You kill the bullfrog!
Your Hexes skill increases to level 3!
Your Summonings skill increases to level 3!
Your Necromancy skill increases to level 3!
Your Translocations skill increases to level 3!
Your Transmutations skill increases to level 3!
Your Fire Magic skill increases to level 3!
Your Ice Magic skill increases to level 3!
Your Air Magic skill increases to level 3!
Your Earth Magic skill increases to level 3!
Your Poison Magic skill increases to level 3!
Your Invocations skill increases to level 4!
Unknown command.
Your +2 short sword of Severance {spect, Int+3} disappears.
Menkaure casts a spell.
Menkaure seems to speed up.
Casting: Stone Arrow (dangerous; 7% risk of failure)
Confirm with . or Enter, or press ? or * to list all spells.
Flames lash the jelly.
The jelly is lightly wounded.
The jelly's fire resistance burns away.
Casting: Scorch (safe; 7% risk of failure)
Confirm with . or Enter, or press ? or * to list all spells.
Flames lash Menkaure.
Menkaure is burned terribly!
Menkaure is moderately damaged.
Menkaure's fire resistance burns away.
Menkaure calls on the powers of darkness!
Your body is wracked with pain!
Grinder gestures at you. You resist with some effort.
Okay, then.
Okay, then.
You hit the jelly.
Your hands burn!
The jelly is heavily wounded.
Your +2 short sword of Severance {spect, Int+3} hits the jelly.
Your +2 short sword of Severance {spect, Int+3} is burned by acid!
Your spectral weapon shares its damage with you!
The jelly misses your +2 short sword of Severance {spect, Int+3}.
Grinder says, "I used to sell toenails on the black market."
Grinder hits you!
* * * LOW HITPOINT WARNING * * *
You writhe in agony.
* * * LOW HITPOINT WARNING * * *
Unknown command.
Okay, then.
Casting: Scorch (safe; 7% risk of failure)
Confirm with . or Enter, or press ? or * to list all spells.
Okay, then.
Unknown command.
Casting: Scorch (safe; 7% risk of failure)
Confirm with . or Enter, or press ? or * to list all spells.
Aiming: Momentum Strike (safe; 3% risk of failure)
Press: ? - help, Dir - move target, f - jelly
Aim: a jelly (severely wounded, not watching you, more vulnerable to fire, 100% to hit)
The concentrated momentum hits the jelly!!
You kill the jelly!
You are unable to move.
Your +2 short sword of Severance {spect, Int+3} disappears.
Grinder hits you.
* * * LOW HITPOINT WARNING * * *
Okay, then.
Casting: Momentum Strike (safe; 3% risk of failure)
Confirm with . or Enter, or press ? or * to list all spells.
Okay, then.
Okay, then.
Okay, then.
Throw: 3 javelins
Press: ? - help, Shift-Dir - straight line, f - Grinder
Aim: Grinder (52% to hit)
You throw a javelin. The javelin closely misses Grinder.
The javelin barely misses Menkaure.
Grinder closely misses you.
Throw: 2 javelins
Press: ? - help, Shift-Dir - straight line, f/p - Grinder
Aim: Grinder (52% to hit)
You throw a javelin. The javelin closely misses Grinder.
The javelin closely misses Menkaure.
Menkaure is no longer more vulnerable to fire.
Grinder hits you!
You die...
Grinder says, "Now the real fun starts!"

***** *,,,****** *********
*,,,.,,,,* *,,,,,,,, *,,,..,,,**
*,******, *,,,...,,,* *,****,,,
****,,,....,,************,**,*,,,
,,,,,,,.....,,,,,,,,,,,,,,,,,,,,,
****,,,......#####*****,,∆*,,,,**
,,,+,,,..(...†M5@## ***,*,****,**
****,,,.########..# *,,,,,,*,,,,,
** *,,,,,,* ##.# *.#,*,**,*,**
,***,,,,,,* #.# *.#,,,**,,_,,
,**8**,,,8* #.###.#,###***,*,
,****,,,,** #...#.#...##∆,,,,
,**,,,,,,* #.......#..***,**
***,,,,,,* #.#..##...#* *,*
***,,,,* ###...J.#.#.###*,*


You could see Grinder and Menkaure (fast).

Vanquished Creatures
  Pikel (D:6)
  Sigmund (D:3)
  A steam dragon (D:6)
  Pargi (Sewer)
  A sky beast (D:6)
  A centaur (D:6)
  A bullfrog (D:6)
  A scorpion (D:4)
  A hound (D:6)
  2 jellies
  An iguana (D:6)
  A gnoll (D:1)
  8 adders
  2 river rats (D:4)
  6 worms
  A dart slug (D:2)
  3 orcs (D:4)
  7 ball pythons
  7 endoplasms
  7 giant cockroaches (D:1)
  6 goblins
  6 hobgoblins
  6 jackals
  8 kobolds
  2 quokkas
  8 bats
  8 frilled lizards
  11 rats
109 creatures vanquished.

Notes
Turn   | Place    | Note
-------+----------+-------------------------------------------
     0 | D:1      | edsrzf the Gnoll Reaver began the quest for the Orb.
     0 | D:1      | Reached XP level 1. HP: 20/20 MP: 6/6
   141 | D:1      | Reached XP level 2. HP: 26/26 MP: 7/7
   302 | D:1      | Found Qaoraixte's Book Shop.
   322 | D:1      | Upgraded the game from 0.31-a0-841-g038b102 to
                  | 0.31-a0-977-gc230f8e
   391 | D:1      | Reached XP level 3. HP: 27/31 MP: 9/9
   396 | D:1      | Reached skill level 5 in Spellcasting
   438 | D:1      | Upgraded the game from 0.31-a0-977-gc230f8e to
                  | 0.31-a0-981-geadf994
   546 | D:1      | Identified a potion of lignification
   552 | D:1      | Reached skill level 1 in Invocations
   917 | D:2      | Learned a level 2 spell: Momentum Strike
   920 | D:2      | Learned a level 2 spell: Scorch
   924 | D:2      | Learned a level 3 spell: Stone Arrow
   933 | D:2      | Reached skill level 1 in Short Blades
   933 | D:2      | Reached skill level 1 in Axes
   933 | D:2      | Reached skill level 1 in Maces & Flails
   933 | D:2      | Reached skill level 1 in Polearms
   933 | D:2      | Reached skill level 1 in Staves
   933 | D:2      | Reached skill level 1 in Ranged Weapons
   933 | D:2      | Reached skill level 1 in Throwing
   933 | D:2      | Reached skill level 1 in Armour
   933 | D:2      | Reached skill level 1 in Stealth
   933 | D:2      | Reached skill level 1 in Shields
   933 | D:2      | Reached skill level 1 in Unarmed Combat
   933 | D:2      | Reached skill level 1 in Evocations
  1103 | D:2      | Reached XP level 4. HP: 32/38 MP: 11/11
  1302 | D:2      | Reached skill level 1 in Shapeshifting
  1704 | D:3      | Identified the "Omaedue"
  1799 | D:3      | Found a glowing golden altar of the Shining One.
  1799 | D:3      | Found a shimmering blue altar of Sif Muna.
  1800 | D:3      | Found a broken altar of Ashenzari.
  1810 | D:3      | Found a shadowy altar of Dithmenos.
  1841 | D:3      | Identified the +2 short sword of Severance {spect, Int+3}
  1871 | D:3      | Found a faded altar of an unknown god.
  1993 | D:3      | Reached skill level 1 in Hexes
  1993 | D:3      | Reached skill level 1 in Summonings
  1993 | D:3      | Reached skill level 1 in Necromancy
  1993 | D:3      | Reached skill level 1 in Translocations
  1993 | D:3      | Reached skill level 1 in Transmutations
  1993 | D:3      | Reached skill level 1 in Fire Magic
  1993 | D:3      | Reached skill level 1 in Ice Magic
  1993 | D:3      | Reached skill level 1 in Air Magic
  1993 | D:3      | Reached skill level 1 in Earth Magic
  1993 | D:3      | Reached skill level 1 in Poison Magic
  2019 | D:3      | Found a shimmering altar of Xom.
  2154 | D:3      | Noticed Sigmund
  2157 | D:3      | Killed Sigmund
  2158 | D:3      | Reached skill level 2 in Invocations
  2158 | D:3      | Reached XP level 5. HP: 43/43 MP: 5/12
  2158 | D:3      | Reached XP level 6. HP: 50/50 MP: 5/14
  2372 | D:3      | Identified 5 scrolls of identify
  2372 | D:3      | Identified a potion of curing
  2373 | D:3      | Identified a potion of berserk rage
  2374 | D:3      | Identified a potion of attraction
  2523 | D:4      | Reached skill level 5 in Fighting
  2523 | D:4      | Reached skill level 2 in Short Blades
  2523 | D:4      | Reached skill level 2 in Axes
  2523 | D:4      | Reached skill level 2 in Maces & Flails
  2523 | D:4      | Reached skill level 2 in Polearms
  2523 | D:4      | Reached skill level 2 in Staves
  2523 | D:4      | Reached skill level 2 in Ranged Weapons
  2523 | D:4      | Reached skill level 2 in Throwing
  2523 | D:4      | Reached skill level 2 in Armour
  2523 | D:4      | Reached skill level 5 in Dodging
  2523 | D:4      | Reached skill level 2 in Stealth
  2523 | D:4      | Reached skill level 2 in Shields
  2523 | D:4      | Reached skill level 2 in Unarmed Combat
  2523 | D:4      | Reached skill level 2 in Evocations
  2706 | D:4      | Reached skill level 2 in Shapeshifting
  2824 | D:4      | Found a glowing drain.
  2842 | Sewer    | Entered a sewer
  3001 | Sewer    | Noticed Pargi
  3028 | Sewer    | Reached XP level 7. HP: 56/56 MP: 11/15
  3149 | Sewer    | Killed Pargi
  3150 | Sewer    | Reached skill level 7 in Long Blades
  3150 | Sewer    | Reached skill level 2 in Hexes
  3150 | Sewer    | Reached skill level 2 in Summonings
  3150 | Sewer    | Reached skill level 2 in Necromancy
  3150 | Sewer    | Reached skill level 2 in Translocations
  3150 | Sewer    | Reached skill level 2 in Transmutations
  3150 | Sewer    | Reached skill level 2 in Fire Magic
  3150 | Sewer    | Reached skill level 2 in Ice Magic
  3150 | Sewer    | Reached skill level 2 in Air Magic
  3150 | Sewer    | Reached skill level 2 in Earth Magic
  3150 | Sewer    | Reached skill level 2 in Poison Magic
  3639 | D:4      | You fall into a shaft and drop 2 floors!
  3644 | D:6      | Identified 4 scrolls of vulnerability
  3645 | D:6      | Identified 3 scrolls of fog
  3646 | D:6      | Identified 2 scrolls of fear
  3657 | D:6      | Noticed a steam dragon
  3669 | D:6      | Reached skill level 3 in Invocations
  3672 | D:6      | Identified a potion of degeneration
  3674 | D:6      | Killed a steam dragon
  3675 | D:6      | Reached skill level 6 in Conjurations
  3675 | D:6      | Reached XP level 8. HP: 30/61 MP: 0/16
  3697 | D:6      | Noticed Pikel
  3698 | D:6      | Identified a scroll of poison
  3699 | D:6      | Identified a scroll of revelation
  3700 | D:6      | Identified a scroll of silence
  3713 | D:6      | Killed Pikel
  3714 | D:6      | Reached skill level 3 in Short Blades
  3714 | D:6      | Reached skill level 3 in Axes
  3714 | D:6      | Reached skill level 3 in Maces & Flails
  3714 | D:6      | Reached skill level 3 in Polearms
  3714 | D:6      | Reached skill level 3 in Staves
  3714 | D:6      | Reached skill level 3 in Ranged Weapons
  3714 | D:6      | Reached skill level 3 in Throwing
  3714 | D:6      | Reached skill level 3 in Armour
  3714 | D:6      | Reached skill level 3 in Stealth
  3714 | D:6      | Reached skill level 3 in Shields
  3714 | D:6      | Reached skill level 3 in Unarmed Combat
  3714 | D:6      | Reached skill level 6 in Spellcasting
  3714 | D:6      | Reached skill level 3 in Evocations
  3714 | D:6      | Reached skill level 3 in Shapeshifting
  3944 | D:6      | Noticed Grinder
  3952 | D:6      | Noticed Menkaure
  3961 | D:6      | Reached skill level 3 in Hexes
  3961 | D:6      | Reached skill level 3 in Summonings
  3961 | D:6      | Reached skill level 3 in Necromancy
  3961 | D:6      | Reached skill level 3 in Translocations
  3961 | D:6      | Reached skill level 3 in Transmutations
  3961 | D:6      | Reached skill level 3 in Fire Magic
  3961 | D:6      | Reached skill level 3 in Ice Magic
  3961 | D:6      | Reached skill level 3 in Air Magic
  3961 | D:6      | Reached skill level 3 in Earth Magic
  3961 | D:6      | Reached skill level 3 in Poison Magic
  3961 | D:6      | Reached skill level 4 in Invocations
  3967 | D:6      | Slain by Grinder

Illustrated notes

Levels and vault maps discovered:
D:1:      ncdulo_smallfort, layout_loops_ring, serial_shops,
          nicolae_shop_gibbet_a_chance
D:2:      layout_basic
D:3:      layout_basic, mainiacjoe_overflow_alcove_2,
          nicolae_overflow_quartered_altars,
          shapermc_ecumenical_altar_rom_forum, serial_bayou_lake_a, uniq_sigmund
D:4:      layout_basic, lightli_sewer_entry_pipes, nicolae_half_adder
D:6:      layout_basic, nicolae_gozag_cash_rules_everything_around_me,
          lightli_ossuary_entry_decrepit_ruins, uniq_pikel, uniq_menkaure,
          uniq_grinder
D:7:      minmay_spotlight, layout_basic, mainiacjoe_overflow_cross_hatched,
          minmay_temple_entry_statues_pillars

Skill      XL: |  1  2  3  4  5  6  7  8 |
---------------+-------------------------+-----
Spellcasting   | 5 6 |  6.2
Invocations    | 1 2 3 4 |  4.0
Short Blades   | 1 2 3 |  3.6
Axes           | 1 2 3 |  3.6
Maces & Flails | 1 2 3 |  3.6
Polearms       | 1 2 3 |  3.6
Staves         | 1 2 3 |  3.6
Ranged Weapons | 1 2 3 |  3.6
Throwing       | 1 2 3 |  3.6
Armour         | 1 2 3 |  3.6
Stealth        | 1 2 3 |  3.6
Shields        | 1 2 3 |  3.6
Unarmed Combat | 1 2 3 |  3.6
Evocations     | 1 2 3 |  3.6
Shapeshifting  | 1 2 3 |  3.3
Hexes          | 1 2 3 |  3.0
Summonings     | 1 2 3 |  3.0
Necromancy     | 1 2 3 |  3.0
Translocations | 1 2 3 |  3.0
Transmutations | 1 2 3 |  3.0
Fire Magic     | 1 2 3 |  3.0
Ice Magic      | 1 2 3 |  3.0
Air Magic      | 1 2 3 |  3.0
Earth Magic    | 1 2 3 |  3.0
Poison Magic   | 1 2 3 |  3.0
Fighting       | 5 |  5.9
Dodging        | 5 |  5.9
Long Blades    | 7 |  7.6
Conjurations   | 6 |  6.3

Action                     |  1- 3 |  4- 6 |  7- 9 || total
---------------------------+-------+-------+-------++-------
  Melee: Falchion          |   130 |    44 |       ||   174
         Bite              |    11 |    22 |     4 ||    37
         Unarmed           |     4 |       |       ||     4
         Short sword       |       |   106 |    51 ||   157
         Punch             |       |     3 |       ||     3
  Throw: Javelin           |       |       |     2 ||     2
   Cast: Stone Arrow       |       |     7 |     4 ||    11
         Scorch            |       |       |    15 ||    15
         Kiss of Death     |       |       |     1 ||     1
         Momentum Strike   |       |       |     1 ||     1
    Use: Potion            |     1 |     1 |     2 ||     4
         Scroll            |       |     3 |     7 ||    10
   Stab: Sleeping          |     1 |     2 |     1 ||     4
 Armour: Leather armour    |    85 |    69 |    28 ||   182
         Skin              |     3 |       |       ||     3
  Dodge: Dodged            |    82 |    68 |    58 ||   208

Table legend: (Time is in decaauts)
 A = Elapsed time spent in this place.
 B = Non-inter-level travel time spent in this place.
 C = Inter-level travel time spent in this place.
 D = Time resting spent in this place.
 E = Time spent auto-exploring this place.
 F = Levels seen in this place.
 G = Mean time per level.
                   A        B        C        D        E       F      G
               +--------+--------+--------+--------+--------+-----+--------+
         Total |   4032 |   3985 |     47 |    718 |   2094 |   7 |  576.0 |
       Dungeon |   3630 |   3583 |     47 |    562 |   2018 |   6 |  605.0 |
         Sewer |    402 |    402 |      0 |    156 |     76 |   1 |  402.0 |
               +--------+--------+--------+--------+--------+-----+--------+

Top non-repeatable levels by time:
     D:1: 910 daAuts
     D:3: 839 daAuts
     D:2: 788 daAuts
     D:4: 755 daAuts
   Sewer: 402 daAuts
     D:7: 172 daAuts
     D:6: 163 daAuts
